 Dungeon Crawl Stone Soup version 0.20-a0-809-gaf7f668 (webtiles) character file.

1057 Firecrotchwizard the Spear-Bearer (level 8, -1/63 HPs)
             Began as a Merfolk Skald on Mar 3, 2017.
             Slain by blobert's ghost (16 damage)
             ... on level 4 of the Dungeon.
             The game lasted 00:14:38 (4788 turns).

Firecrotchwizard the Spear-Bearer (Merfolk Skald)   Turns: 4788, Time: 00:14:38

Health: -1/63      AC:  5    Str: 13    XL:     8   Next: 26%
Magic:  11/11      EV: 19    Int: 13    God:
Gold:   224        SH:  0    Dex: 13    Spells: 5/11 levels left

rFire    . . .     SeeInvis .   y - +0 halberd
rCold    . . .     Gourm    .   b - +0 leather armour
rNeg     . . .     Faith    .   (shield currently unavailable)
rPois    .         Spirit   .   (no helmet)
rElec    .         Reflect  .   h - +0 cloak
rCorr    .         Harm     .   (no gloves)
MR       .....                  g - +0 pair of boots
Stlth    +.........             e - amulet of rage
Regen    0.2/turn               (no ring)
MPRegen  0.2/turn               k - +5 ring of evasion

@: drained
A: change form in water, swift swim, stealthy swim
a: Evoke Berserk Rage


You were on level 4 of the Dungeon.
You were not hungry.

You visited 1 branch of the dungeon, and saw 4 of its levels.
You also visited: Sewer.

You collected 224 gold pieces.

Inventory:

Hand Weapons
 a - a +0 spear
 j - a +0 spear of venom
 y - a +0 halberd (weapon)
 A - a +1 spear of venom
Missiles
 x - 9 tomahawks (quivered)
Armour
 b - a +0 leather armour (worn)
 g - a +0 pair of boots (worn)
 h - a +0 cloak (worn)
Jewellery
 e - an amulet of rage (around neck)
 k - a +5 ring of evasion (left hand)
Scrolls
 f - a scroll of amnesia {unknown}
 q - a scroll of identify {unknown}
 r - a scroll of noise {unknown}
 v - a scroll of blinking
 w - 2 scrolls of remove curse
 z - a scroll of recharging {unknown}
 D - a scroll of teleportation
Potions
 i - a potion of brilliance {unknown}
 l - a potion of flight {unknown}
 m - a potion of lignification {unknown}
 n - 3 potions of berserk rage {unknown}
 o - a potion of haste {unknown}
 p - 3 potions of agility {unknown}
 s - 2 potions of mutation {unknown}
 u - a potion of resistance {unknown}
Books
 c - a book of Battle

   Spells                             Type                      Level
   a - Infusion                       Charms                       1
   b - Shroud of Golubria             Charms/Translocation         2
   c - Song of Slaying                Charms                       2
   d - Spectral Weapon                Hexes/Charms                 3
   e - Regeneration                   Charms/Necromancy            3
 C - a book of Callings

   Spells                             Type                      Level
   a - Summon Small Mammal            Summoning                    1
   b - Call Imp                       Summoning                    2
   c - Call Canine Familiar           Summoning                    3
   d - Summon Guardian Golem          Hexes/Summoning              3
   e - Summon Lightning Spire         Summoning/Air                4
   f - Summon Ice Beast               Ice/Summoning                4
Comestibles
 d - 6 bread rations


   Skills:
 + Level 5.4(4.8) Fighting
 * Level 9.6(8.9) Polearms
 - Level 0.6(0.1) Armour
 + Level 6.2(5.6) Dodging
 - Level 2.0(1.4) Spellcasting
 + Level 4.4(3.8) Charms


You had 5 spell levels left.
You knew the following spells:

 Your Spells              Type           Power        Failure   Level  Hunger
a - Infusion              Chrm           ##..         10%         1    ##.....
b - Shroud of Golubria    Chrm/Tloc      #.........   28%         2    ###....
c - Spectral Weapon       Hex/Chrm       #.......     54%         3    ####...


Dungeon Overview and Level Annotations

Branches:
Dungeon (4/15)
 Temple: D:4-7

Altars:
Fedhas
Gozag
Makhleb
Trog
Wu Jian
The Shining One

Annotations:
D:4 blobert's ghost, novice MiBe


Message History

You closely miss blobert's ghost.
Blobert's ghost is almost destroyed.
Blobert's ghost hits you.
You are too injured to fight recklessly!
You are too injured to fight recklessly!
You are too injured to fight recklessly!
You closely miss blobert's ghost.
Blobert's ghost is almost destroyed.
Blobert's ghost hits you!
* * * LOW HITPOINT WARNING * * *
You closely miss blobert's ghost.
Blobert's ghost is almost destroyed.
Blobert's ghost misses you.
You hit blobert's ghost but do no damage.
Blobert's ghost is almost destroyed.
Blobert's ghost closely misses you.
You closely miss blobert's ghost.
Blobert's ghost is almost destroyed.
Blobert's ghost hits you!
You die...

#.# #.##......#.#.##........ #.#
#.##......#.#.##........ #.#
#.#######.#.#.##.....#.. #.#
#.#.....#.#.#.##.....#.>
#.#.#####.#.#.....#.#.##.....#..
#.#......<#.#.#.###.#.##.....#..
#.#######.#.......#.#.#....(....
##.........#.........#.#.#######.
#..............W@..###...........
##...........#.#.#.#####.#######.
#.............#.#...............
#.#.........###.######...#######
##.#.#..########.# #...#.....#
...#.#...........# #...#.###.#
.###.....##############...#......
.# ###....................#####)#
.#######.###############....รท...#


You could see blobert's ghost.

Vanquished Creatures
  Sigmund (D:2)
  Eustachio (D:4)
  3 bullfrogs
  An orc priest (D:4)
  An iron imp (D:3)
  An orc wizard (D:4)
  Jessica (D:2)
  Natasha (thrice) (D:2)
  2 worker ants (D:4)
  6 adders
  11 gnolls
  12 oozes
  An adder skeleton (D:4)
  2 dart slugs
  9 leopard geckos
  5 orcs
  8 bats
  11 giant cockroaches
  2 goblins
  6 hobgoblins
  4 jackals (D:1)
  A quokka (D:3)
  16 ball pythons (Sewer)
  11 frilled lizards
  6 kobolds
  6 rats
131 creatures vanquished.

Notes
Turn   | Place    | Note
-------+----------+-------------------------------------------
     0 | D:1      | Firecrotchwizard the Merfolk Skald began the quest for the Orb.
     0 | D:1      | Reached XP level 1. HP: 16/16 MP: 3/3
   161 | D:1      | Reached XP level 2. HP: 22/23 MP: 5/5
   247 | D:1      | Reached skill level 4 in Polearms
   739 | D:2      | Noticed Sigmund
   852 | D:2      | Reached XP level 3. HP: 28/28 MP: 6/6
   858 | D:2      | Learned a level 2 spell: Shroud of Golubria
   919 | D:2      | Found a glowing golden altar of the Shining One.
   960 | D:2      | Found an opulent altar of Gozag.
  1125 | D:2      | Killed Sigmund
  1125 | D:2      | Reached skill level 6 in Polearms
  1125 | D:2      | Reached XP level 4. HP: 17/35 MP: 7/7
  1125 | D:2      | Reached XP level 5. HP: 20/41 MP: 8/8
  1146 | D:2      | Noticed Jessica
  1149 | D:2      | Killed Jessica
  1291 | D:2      | Found an ornate altar of the Wu Jian Council.
  1312 | D:2      | Found a blossoming altar of Fedhas.
  1373 | D:2      | Noticed Natasha
  1386 | D:2      | Killed Natasha
  1386 | D:2      | Reached XP level 6. HP: 23/48 MP: 9/9
  1643 | D:2      | Noticed Natasha
  1653 | D:2      | Killed Natasha
  1653 | D:2      | Reached skill level 7 in Polearms
  1721 | D:2      | Noticed Natasha
  1728 | D:2      | Killed Natasha
  2575 | D:3      | Reached skill level 5 in Dodging
  2575 | D:3      | Reached XP level 7. HP: 46/55 MP: 10/10
  2820 | D:3      | Found a burning altar of Makhleb.
  2823 | D:3      | Reached skill level 8 in Polearms
  2925 | D:3      | Learned a level 3 spell: Spectral Weapon
  3047 | D:3      | Found a faded altar of an unknown god.
  3404 | D:4      | Found a glowing drain.
  3422 | Sewer    | Entered a sewer
  3765 | Sewer    | Reached skill level 5 in Fighting
  3962 | D:4      | Reached skill level 9 in Polearms
  3983 | D:4      | Found a bloodstained altar of Trog.
  3991 | D:4      | Noticed blobert's ghost (novice MiBe)
  4033 | D:4      | Noticed Eustachio
  4080 | D:4      | Killed Eustachio
  4080 | D:4      | Reached XP level 8. HP: 26/62 MP: 11/11
  4788 | D:4      | Slain by blobert's ghost

Vault maps used:
D:1:      lemuel_arrival_river_bridge, minmay_strange_pillars, hex_intersection,
          minmay_small_reverse_x
D:2:      nicolae_tso_carved_into_rock, lemuel_crystal_altar,
          lemuel_doored_altar, lemuel_crystal_altar, uniq_sigmund, uniq_jessica,
          uniq_natasha
D:3:      makhleb_grotto_becter, chequers_ecumenical_altar_lobes
D:4:      nicolae_overflow_hidden_temple, portal_sewer_entry_f, first_bread,
          uniq_eustachio
Sewer:    sewer_frog_island_02

Skill      XL: |  1  2  3  4  5  6  7 |
---------------+----------------------+-----
Polearms       | 4 6 7 9 |  9.6
Fighting       | 3 4 5 |  5.4
Dodging        | 4 5 6 |  6.2
Charms         | 4 |  4.4
Armour         | |  0.6
Spellcasting   | |  2.0

Action                   |  1- 3 |  4- 6 |  7- 9 || total
-------------------------+-------+-------+-------++-------
Melee: Spear             |    85 |   116 |    38 ||   239
       Halberd           |       |    11 |   289 ||   300
       Tailslap          |       |       |     8 ||     8
 Cast: Shroud of Golubri |       |       |     1 ||     1
  Use: Scroll            |     4 |       |       ||     4
 Stab: Sleeping          |       |       |     3 ||     3
  Eat: Chunk             |       |     5 |     5 ||    10
       Meat ration       |       |       |     1 ||     1
Armor: Leather armour    |    12 |    12 |    49 ||    73
Dodge: Dodged            |    40 |    66 |   316 ||   422
